 Dungeon Crawl Stone Soup version 0.21.1-1-g345015fe64 (webtiles) character file.

355 Kohma the Vexing (level 6, 0/28 HPs)
             Began as a Spriggan Enchanter on June 10, 2018.
             Was an Initiate of Kikubaaqudgha.
             Killed by divine providence
             ... invoked by an orc priest
              (15 damage)
             ... on level 4 of the Dungeon.
             The game lasted 00:23:42 (5399 turns).

Kohma the Vexing (Spriggan Enchanter)               Turns: 5399, Time: 00:23:42

Health: 0/28       AC:  2    Str:  6    XL:     6   Next: 36%
Magic:  17/22      EV: 21    Int: 16    God:    Kikubaaqudgha [......]
Gold:   125        SH:  5    Dex: 21    Spells: 4/13 levels left

rFire    . . .     SeeInvis +   a - +1 dagger
rCold    . . .     Gourm    .   (shield restricted)
rNeg     . . .     Faith    .   m - +0 robe
rPois    .         Spirit   .   (helmet restricted)
rElec    .         Reflect  +   (no cloak)
rCorr    .         Harm     .   (gloves unavailable)
MR       +....                  (boots unavailable)
Stlth    +++.......             g - +5 amulet of reflection
HPRegen  0.09/turn              p - ring of magical power
MPRegen  0.18/turn              t - +4 ring of dexterity

@: very quick
A: very small, unfitting armour, see invisible, herbivore, speed 3, slow
metabolism 2
a: Renounce Religion


You were on level 4 of the Dungeon.
You worshipped Kikubaaqudgha.
Kikubaaqudgha was noncommittal.
You were hungry.

You visited 2 branches of the dungeon, and saw 6 of its levels.

You collected 125 gold pieces.

Inventory:

Hand Weapons
 a - a +1 dagger (weapon)
 b - a +0 dagger of holy wrath
 f - a +0 dagger
 h - a +0 short sword
 r - a +4 hand axe of venom
 w - a +0 rapier
Armour
 m - a +0 robe (worn)
Jewellery
 g - a +5 amulet of reflection (around neck)
 p - a ring of magical power (left hand)
 t - a +4 ring of dexterity (right hand)
Scrolls
 i - 5 scrolls of remove curse
 j - a scroll of blinking {unknown}
 o - a scroll of teleportation
Potions
 e - 3 potions of curing {unknown}
 k - 4 potions of agility {unknown}
 l - a potion of flight {unknown}
 n - a potion of might {unknown}
 q - a potion of magic {unknown}
 s - a potion of lignification {unknown}
Books
 c - a book of Maledictions

   Spells                             Type                      Level
   a - Corona                         Hexes                        1
   b - Ensorcelled Hibernation        Hexes/Ice                    2
   c - Confuse                        Hexes                        3
   d - Tukima's Dance                 Hexes                        3
   e - Dazzling Spray                 Conjuration/Hexes            3
Comestibles
 d - 4 rations


   Skills:
 * Level 4.1 Short Blades
 + Level 4.9 Dodging
 - Level 4.4 Stealth
 + Level 4.1 Spellcasting
 * Level 5.7 Hexes


You had 4 spell levels left.
You knew the following spells:

 Your Spells              Type           Power        Failure   Level  Hunger
a - Corona                Hex            ###....      1%          1    None
b - Ensorcelled Hibernat  Hex/Ice        ##....       8%          2    ##.....
c - Confuse               Hex            ###.....     4%          3    ###....
d - Tukima's Dance        Hex            ###.....     4%          3    ###....


Dungeon Overview and Level Annotations

Branches:
Dungeon (5/15)             Temple (1/1) D:4

Altars:
Ashenzari
Cheibriados
Dithmenos
Elyvilon
Hepliaklqana
Kikubaaqudgha
Makhleb
Nemelex Xobeh
Okawaru
Qazlal
Ru
Sif Muna
Trog
Uskayaw
Wu Jian
Zin
The Shining One


Innate Abilities, Weirdness & Mutations

You are very small and have problems with some larger weapons.
You are too small for most types of armour.
You have supernaturally acute eyesight. (SInv)
You are a herbivore.
You cover ground extremely quickly.
You need consume almost no food.


Message History

The orc wizard shouts!
The orc wizard resists with some effort.
The orc wizard closely misses you.
Casting: Ensorcelled Hibernation
Confirm with . or Enter, or press ? or * to list all spells.
Aiming: Ensorcelled Hibernation
Press: ? - help, Shift-Dir - straight line, f/p - orc wizard
Aim: an orc wizard, wielding a dagger and wearing a robe (chance to defeat MR: 43%)
The orc wizard looks drowsy...
The orc priest mumbles some strange prayers to Beogh against you.
Beogh smites you!
The helpless orc wizard fails to defend itself.
You impale the orc wizard!!
You kill the orc wizard!
Kikubaaqudgha accepts your kill.
The orc priest mumbles some strange prayers to Beogh against you.
Beogh smites you!
Ouch! That really hurt!
You die...
Kikubaaqudgha rasps: "You have failed me!
Welcome... death!"

#...# #......##..
##...###### #......# .
#.........###......# .#
#..........##.....## .#
#..........##.....# .#
###.....⌠..##.÷...#######.#
#........##.....#.......#
###...⌠.>.⌠.#.....#.......#
#.........@.......#........
#.......⌠).##.....#........
#.........o................
#..........................
#..............o...''......
#................[.##......
#..................'.......
#..................#...####
#......)......)####........


You could see an orc priest.

Vanquished Creatures
  The ghost of Kisielow the Slasher, an amateur MiFi (D:4)
  A howler monkey (D:4)
  An orc wizard (D:4)
  Terence (D:2)
  A worker ant (D:4)
  4 adders
  3 worms
  6 dart slugs
  3 leopard geckos
  5 orcs
  2 ball pythons (D:2)
  5 giant cockroaches
  10 goblins
  4 hobgoblins
  6 jackals
  9 kobolds
  3 quokkas
  9 bats
  5 frilled lizards
  11 rats
90 creatures vanquished.

Vanquished Creatures (others)
  A quokka (D:3)
  A ball python (D:3)
2 creatures vanquished.

Grand Total: 92 creatures vanquished

Notes
Turn   | Place    | Note
-------+----------+-------------------------------------------
     0 | D:1      | Kohma the Spriggan Enchanter began the quest for the Orb.
     0 | D:1      | Reached XP level 1. HP: 9/9 MP: 5/5
   425 | D:1      | Reached XP level 2. HP: 11/13 MP: 3/6
   429 | D:1      | Learned a level 2 spell: Ensorcelled Hibernation
   763 | D:1      | Reached skill level 4 in Hexes
  1108 | D:2      | Noticed Terence
  1366 | D:2      | Reached XP level 3. HP: 16/16 MP: 8/8
  1785 | D:2      | Found a glowing golden altar of the Shining One.
  2984 | D:2      | Killed Terence
  2984 | D:2      | Reached XP level 4. HP: 21/21 MP: 7/10
  3455 | D:3      | Found a white marble altar of Elyvilon.
  3598 | D:3      | Learned a level 3 spell: Confuse
  3602 | D:3      | Learned a level 3 spell: Tukima's Dance
  3881 | D:3      | Reached XP level 5. HP: 23/24 MP: 6/11
  4393 | D:4      | Noticed Kisielow's ghost (amateur MiFi)
  4420 | D:4      | Killed Kisielow's ghost
  4420 | D:4      | Reached skill level 5 in Hexes
  4683 | D:5      | Entered Level 5 of the Dungeon
  4714 | D:4      | Found a snail-covered altar of Cheibriados.
  4732 | D:4      | Found a staircase to the Ecumenical Temple.
  4750 | Temple   | Entered the Ecumenical Temple
  4771 | Temple   | Became a worshipper of Kikubaaqudgha
  5100 | D:4      | Reached XP level 6. HP: 24/28 MP: 13/13
  5399 | D:4      | Killed from afar by an orc priest

Skill      XL: |  1  2  3  4  5  6 |
---------------+-------------------+-----
Hexes          | 4 5 |  5.7
Spellcasting   | 3 4 |  4.1
Short Blades   | 2 3 4 |  4.1
Dodging        | 4 |  4.9
Stealth        | |  4.4

Action                   |  1- 3 |  4- 6 || total
-------------------------+-------+-------++-------
Melee: Dagger            |   110 |    84 ||   194
Throw: Throwing net      |     1 |     2 ||     3
 Cast: Corona            |    13 |       ||    13
       Ensorcelled Hiber |    63 |    44 ||   107
       Confuse           |       |     2 ||     2
  Use: Scroll            |       |     7 ||     7
 Stab: Sleeping          |    31 |    37 ||    68
       Confused          |       |     3 ||     3
  Eat: Ration            |     2 |     2 ||     4
Armor: Robe              |    18 |     3 ||    21
Dodge: Dodged            |   157 |    62 ||   219
Block: Other             |       |     3 ||     3
